 Dungeon Crawl Stone Soup version 0.30.0-29-ga12c61a403 (webtiles) character file.

Game seed: 6815062754817825843

26459 Graphine the Warmonger (level 12, -1/96 HPs)
             Began as a Demonspawn Monk on June 21, 2023.
             Was a High Priest of Okawaru.
             Killed from afar by a wretched star (17 damage)
             ... with a lance of force
             ... on level 1 of the Shoals.
             The game lasted 00:28:04 (9886 turns).

Graphine the Warmonger (Demonspawn Monk)            Turns: 9886, Time: 00:28:04

Health: -1/96      AC: 16    Str: 12    XL:     12   Next: 98%
Magic:  16/20      EV: 27    Int:  8    God:    Okawaru [*****.]
Gold:   791        SH: 11    Dex: 21    Spells: 16/19 levels left

rFire   . . .        h - +7 sling of the Coin {elec, Will++ Dex+5}
rCold   . . .        (no shield)
rNeg    . . .        k - +3 leather armour {rPois}
rPois   +            (no helmet)
rElec   .            K - +0 cloak
rCorr   .            w - +0 pair of gloves
SInv    .            S - +0 pair of boots
Will    ++...        j - amulet of reflection
Stlth   +++          f - +5 ring of evasion
HPRegen 0.36/turn    C - +4 ring of protection
MPRegen 0.17/turn

%: reflection
@: heroic, finesse-ful, hasted, studying Throwing, unable to drink, very quick
A: hooves 2, large bone plates 2, spiny 2, demonic magic 1, [clumsy 2], [dopey
2], [inability to drink after injury 2]
a: Renounce Religion, Heroism, Finesse, Duel


You were on level 1 of the Shoals.
You worshipped Okawaru.
Okawaru was extremely pleased with you.
You visited 3 branches of the dungeon, and saw 11 of its levels.

You collected 791 gold pieces.

Inventory:

Hand Weapons
 a - a +0 falchion
 h - the +7 sling of the Coin (weapon) {elec, Will++ Dex+5}
   (You found it on level 5 of the Dungeon)

   Dex:       It affects your dexterity (+5).
   Will:      It greatly increases your willpower.
 r - a +2 short sword of venom
Missiles
 y - 5 silver javelins
 N - 2 throwing nets
 Q - 4 curare-tipped darts
Armour
 k - a +3 leather armour of poison resistance (worn)
 s - a +1 robe of resistance
 w - a +0 pair of gloves (worn)
 K - a +0 cloak (worn)
 R - the +0 pair of boots of Responsibility {Rampage rElec rF- rC+}
   (Okawaru gifted it to you on level 2 of the Lair of Beasts)

   rF:        It makes you vulnerable to fire.
   rC:        It protects you from cold.
   rElec:     It insulates you from electricity.
   Rampage:   It bestows one free step when moving towards enemies.
 S - a +0 pair of boots (worn)
Jewellery
 f - a +5 ring of evasion (left hand)
 j - an amulet of reflection (around neck)
 p - a ring of magical power
 v - a +6 ring of dexterity
 z - a ring of resist corrosion
 C - a +4 ring of protection (right hand)
 G - a ring of magical power
 H - a ring of poison resistance
Wands
 b - a wand of roots (2)
 n - a wand of polymorph (5)
 B - a wand of mindburst (35)
 M - a wand of light (2)
 O - a wand of paralysis (2)
 P - a wand of flame (9)
Scrolls
 c - 3 scrolls of vulnerability
 t - 4 scrolls of teleportation
 x - a scroll of blinking
 D - a scroll of enchant weapon {unknown}
 E - a scroll of enchant armour {unknown}
 F - 2 scrolls of magic mapping
 I - 2 scrolls of fear {unknown}
 L - 4 scrolls of identify
Potions
 d - 5 potions of attraction
 e - 3 potions of flight
 g - a potion of curing
 i - 3 potions of berserk rage
 l - 2 potions of haste
 m - 4 potions of degeneration
 o - 5 potions of brilliance
 q - a potion of resistance
 u - 2 potions of might {unknown}
 A - 4 potions of mutation {unknown}
 J - 2 potions of ambrosia


   Skills:
 + Level 9.5(14.5) Fighting
 - Level 4.1(9.1) Long Blades
 + Level 7.3(12.3) Ranged Weapons
 + Level 8.7(13.7) Throwing
 + Level 7.9(12.9) Armour
 + Level 8.6(13.6) Dodging
 - Level 4.0 Spellcasting
 - Level 4.0 Hexes
 - Level 4.0 Translocations
 + Level 11.3 Invocations


You had 16 spell levels left.
You knew the following spells:

 Your Spells              Type           Power      Damage    Failure   Level
a - Portal Projectile     Hex/Tloc       16%        N/A       21%         3

Your spell library contained the following spells:

 Spells                   Type           Power      Damage    Failure   Level
 Petrify                  Tmut/Erth      1%         N/A       98%         4
 Metabolic Englaciation   Hex/Ice        2%         N/A       99%         5
 Blade Hands              Tmut           0%         N/A       100%        5
 Statue Form              Tmut/Erth      0%         N/A       100%        6
 Tukima's Dance           Hex            Unusable   N/A       N/A         3

Dungeon Overview and Level Annotations

Branches:
Dungeon (8/15)             Temple (0/1) D:5            Lair (2/5) D:8
 Shoals (1/4) Lair:2       Spider (0/4) Lair:2

Altars:
Fedhas
Kikubaaqudgha
Makhleb
Okawaru
Vehumet
Wu Jian
Lugonu

Shops:
D:1 ((

Portals:
Abyss: Shoals:1


Innate Abilities, Weirdness & Mutations

You have hoof-like feet.
You are mostly covered in large bone plates. (SH +6)
You are mostly covered in sharp spines.
Spells you cast may paralyse adjacent enemies.
[You are very clumsy. (Dex -4)]
[You are very dopey. (Int -4)]
[You sometimes lose the ability to drink potions when taking damage.]


Message History

The cyclops closely misses you.
You shoot a sling bullet. The sling bullet hits the cyclops!
The cyclops is severely wounded.
You shoot a sling bullet. The sling bullet hits the cyclops!
The cyclops is almost dead.
The dream sheep closely misses you. The dream sheep misses you.
You shoot a sling bullet. The sling bullet hits the cyclops!
You kill the cyclops!
Okawaru accepts your kill.
You shoot a sling bullet.
The sling bullet hits the small abomination!
Lightning courses through the small abomination!
The small abomination is almost destroyed.
The wretched star pulses with an eldritch light!
You occasionally lose the ability to drink potions when taking damage.
You lose the ability to drink potions when taking damage more often.
You feel clumsy. x2
Okay, then.
You shoot a sling bullet.
The sling bullet hits the small abomination.
You destroy the small abomination!
Okawaru accepts your kill.
The dream sheep shake their wool and sparkle.
You feel drowsy...
You fall asleep.
The dream sheep bites you.
You wake up.
You feel threatened and lose the ability to drink potions!
* * * LOW HITPOINT WARNING * * *
You shoot a sling bullet. The sling bullet hits the dream sheep.
The dream sheep is lightly wounded.
You shoot a sling bullet. The sling bullet hits the dream sheep!
The dream sheep is severely wounded.
The dream sheep is struck by your spines.
The dream sheep barely misses you. The dream sheep closely misses you.
You block the dream sheep's attack.
You shoot a sling bullet. The sling bullet hits the dream sheep!
You kill the dream sheep!
Okawaru accepts your kill.
The wretched star glows turbulently.
The lance of force hits you!
You die...

≈~~~P~......)...~~~~~~~.>..~~..~
≈~PPP~....†....~~≈≈≈≈≈≈...~~~~.~
≈~PPP~P......P.P≈~≈≈≈≈≈≈~~~..~~~
≈≈PPP~P.........~#≈#≈#≈≈≈~~.....
≈≈≈P~P~......P.#######≈≈≈≈~~....
≈≈≈≈~~P~†...:.P# ######≈≈≈~~~~..
≈≈≈≈~~P~~~...P~##...###≈≈≈~~~~~.
≈≈≈≈~P~~~~....~#Y*....#≈≈≈~~~~~~
≈≈~~~~~~.......@(x_.∩###≈≈.~~~~~
≈≈~~~~~........#Y4...##≈≈≈~~~~~~
≈≈~~~~~........##...####≈≈~~~~~~
≈≈≈~~~~........# #### ≈≈≈~~~~~~
≈≈≈~~~~........###### ≈≈≈~~~~~~
≈~........≈≈≈≈≈≈ ≈~.~~~~~
~~........P≈~≈≈≈ .....~~~
~~~........~≈≈≈≈ .....~~~
~~~~~~~~~../... ...~~~~


You could see a wretched star, a chaos spawn, a small abomination and 2 dream
sheep.

Vanquished Creatures
  A merfolk javelineer (Shoals:1)
  Fannar (Lair:2)
  A catoblepas (Lair:1)
  Nergalle (Lair:1)
  2 skysharks (Shoals:1)
  Pikel (D:8)
  3 harpies (Shoals:1)
  5 fauns (Shoals:1)
  2 cyclopes (Shoals:1)
  A manticore (Shoals:1)
  6 elephants (Lair:2)
  4 black mambas
  A merfolk siren (Shoals:1)
  3 apocalypse crabs (Shoals:1)
  5 cane toads
  3 komodo dragons
  3 rime drakes
  A troll (D:8)
  5 merfolk (Shoals:1)
  A snapping turtle (Shoals:1)
  9 blink frogs (Lair:2)
  5 dream sheep (Shoals:1)
  4 culicivoras (Lair:2)
  3 yaks (Lair:1)
  A water elemental (Shoals:1)
  Grum (Lair:1)
  2 neqoxecs (Shoals:1)
  Edmund (D:5)
  6 water moccasins
  An orc warrior (D:7)
  2 sky beasts
  2 black bears
  3 ogres
  A centaur (D:8)
  13 wolves
  2 phantoms
  5 scorpions
  9 bullfrogs
  4 killer bees (D:8)
  6 electric eels
  A small abomination (Shoals:1)
  2 jellies
  8 hounds
  4 orc priests
  A gnoll bouda (D:7)
  3 iguanas
  A sleepcap (D:8)
  5 hell rats (Lair:1)
  4 orc wizards
  7 adders
  8 gnolls
  14 river rats (Lair:1)
  A shadow imp (D:6)
  4 white imps
  An ufetubus (D:6)
  2 worms
  2 dart slugs
  20 orcs
  5 endoplasms
  5 giant cockroaches
  3 goblins
  4 hobgoblins
  5 jackals
  4 kobolds
  10 quokkas
  8 ball pythons
  2 frilled lizards
  20 rats
  A butterfly (Lair:2)
285 creatures vanquished.

Notes
Turn   | Place    | Note
-------+----------+-------------------------------------------
     0 | D:1      | Graphine the Demonspawn Monk began the quest for the Orb.
     0 | D:1      | Reached XP level 1. HP: 18/18 MP: 1/1
    43 | D:1      | You fall into a shaft and drop 1 floor!
   125 | D:2      | Found an iron altar of Okawaru.
   135 | D:2      | Became a worshipper of Warmaster Okawaru
   135 | D:2      | Reached * piety under Okawaru
   135 | D:2      | Reached ** piety under Okawaru
   148 | D:2      | Gained mutation: Spells you cast may paralyse adjacent
                  | enemies. [demonic ancestry]
   148 | D:2      | Reached XP level 2. HP: 24/24 MP: 2/2
   373 | D:1      | Found Okhla's Weapon Shop.
   423 | D:1      | Found Jankegol's Antique Weapon Shoppe.
   719 | D:2      | Gained mutation: You have large cloven feet. [demonic
                  | ancestry]
   719 | D:2      | Reached XP level 3. HP: 29/29 MP: 3/3
   835 | D:2      | Found a faded altar of an unknown god.
  1335 | D:3      | Reached skill level 1 in Invocations
  1413 | D:3      | Found a burning altar of Makhleb.
  1443 | D:3      | Gained mutation: You are partially covered in large bone
                  | plates. (SH +4) [demonic ancestry]
  1443 | D:3      | Reached XP level 4. HP: 35/35 MP: 4/4
  1514 | D:3      | Found a blossoming altar of Fedhas.
  1555 | D:3      | Reached skill level 1 in Armour
  1747 | D:3      | Found an ancient bone altar of Kikubaaqudgha.
  1769 | D:3      | Reached skill level 1 in Throwing
  1935 | D:4      | Noticed a scorpion
  1954 | D:4      | Killed a scorpion
  1955 | D:4      | Reached skill level 2 in Invocations
  1955 | D:4      | Gained mutation: You have hoof-like feet. [demonic
                  | ancestry]
  1955 | D:4      | Reached XP level 5. HP: 42/42 MP: 6/6
  2191 | D:4      | Found a radiant altar of Vehumet.
  2372 | D:4      | Reached XP level 6. HP: 13/48 MP: 7/7
  2766 | D:4      | Reached skill level 3 in Invocations
  2829 | D:5      | Entered Level 5 of the Dungeon
  2870 | D:5      | Reached XP level 7. HP: 50/55 MP: 9/9
  2885 | D:5      | Reached *** piety under Okawaru
  3131 | D:5      | Identified the +7 sling of the Coin {elec, Will++ Dex+5}
  3183 | D:5      | Reached skill level 4 in Invocations
  3192 | D:5      | Noticed Edmund
  3204 | D:5      | Killed Edmund
  3215 | D:5      | Reached skill level 1 in Ranged Weapons
  3341 | D:5      | Found a staircase to the Ecumenical Temple.
  3352 | D:5      | Reached skill level 5 in Fighting
  3352 | D:5      | Reached XP level 8. HP: 62/62 MP: 11/11
  3660 | D:6      | Found an ornate altar of the Wu Jian Council.
  3947 | D:6      | Reached skill level 5 in Invocations
  3975 | D:6      | Reached **** piety under Okawaru
  4256 | D:7      | Reached skill level 5 in Dodging
  4479 | D:7      | Reached skill level 6 in Invocations
  4663 | D:7      | Reached XP level 9. HP: 69/69 MP: 13/13
  5001 | D:8      | Noticed Pikel
  5010 | D:8      | Killed Pikel
  5010 | D:8      | Received a gift from Okawaru
  5098 | D:8      | Reached ***** piety under Okawaru
  5099 | D:8      | Reached skill level 7 in Invocations
  5100 | D:8      | Received a gift from Okawaru
  5256 | D:8      | Noticed a troll
  5270 | D:8      | Killed a troll
  5271 | D:8      | Reached skill level 5 in Armour
  5860 | D:8      | Found a staircase to the Lair.
  5974 | D:8      | Identified a scroll of acquirement
  5974 | D:8      | Acquired a manual of Throwing
  5977 | Lair:1   | Entered Level 1 of the Lair of Beasts
  5977 | Lair:1   | Noticed a cane toad
  5979 | Lair:1   | Noticed a cane toad
  5993 | Lair:1   | Killed a cane toad
  5994 | Lair:1   | Gained mutation: You are partially covered in sharp spines.
                  | [demonic ancestry]
  5994 | Lair:1   | Reached XP level 10. HP: 61/79 MP: 15/15
  6021 | Lair:1   | Killed a cane toad
  6021 | Lair:1   | Received a gift from Okawaru
  6022 | Lair:1   | Reached skill level 8 in Invocations
  6160 | Lair:1   | Received a gift from Okawaru
  6228 | Lair:1   | Noticed a black mamba
  6241 | Lair:1   | Killed a black mamba
  6242 | Lair:1   | Reached skill level 5 in Ranged Weapons
  6428 | Lair:1   | Identified the +1 chain mail of Zin's Hatred {Str-2 Int+3
                  | SInv}
  6505 | Lair:1   | Reached skill level 5 in Throwing
  6529 | Lair:1   | Identified the +1 robe "Peyr" {rC+ Str+2 SInv}
  6529 | Lair:1   | Noticed a cane toad
  6532 | Lair:1   | Killed a cane toad
  6534 | Lair:1   | Noticed Grum
  6544 | Lair:1   | Reached skill level 9 in Invocations
  6549 | Lair:1   | Killed Grum
  6583 | Lair:1   | Noticed a black mamba
  6587 | Lair:1   | Killed a black mamba
  6607 | Lair:1   | Learned a level 3 spell: Portal Projectile
  6801 | Lair:1   | Noticed a catoblepas
  6817 | Lair:1   | Killed a catoblepas
  6818 | Lair:1   | Gained mutation: You are mostly covered in sharp spines.
                  | [demonic ancestry]
  6818 | Lair:1   | Reached XP level 11. HP: 67/86 MP: 16/18
  6952 | Lair:1   | Noticed Nergalle
  6961 | Lair:1   | Killed Nergalle
  6962 | Lair:1   | Reached skill level 1 in Spellcasting
  6962 | Lair:1   | Reached skill level 1 in Hexes
  6999 | Lair:1   | Reached skill level 1 in Translocations
  7076 | Lair:1   | You fall into a shaft and drop 1 floor!
  7117 | Lair:2   | Identified the +0 pair of boots of Responsibility {Rampage
                  | rElec rF- rC+} (Okawaru gifted it to you on level 2 of the
                  | Lair of Beasts)
  7117 | Lair:2   | Received a gift from Okawaru
  7143 | Lair:2   | Noticed Fannar
  7654 | Lair:2   | Reached ****** piety under Okawaru
  7686 | Lair:2   | Reached skill level 10 in Invocations
  7803 | Lair:2   | Killed Fannar
  8284 | Lair:2   | Found a hole to the Spider Nest.
  8432 | Lair:2   | Gained mutation: You are mostly covered in large bone
                  | plates. (SH +6) [demonic ancestry]
  8432 | Lair:2   | Reached XP level 12. HP: 94/94 MP: 19/19
  8498 | Lair:2   | Received a gift from Okawaru
  8572 | Lair:2   | Found a staircase to the Shoals.
  8988 | Shoals:1 | Entered Level 1 of the Shoals
  8993 | Shoals:1 | Received a gift from Okawaru
  9030 | Shoals:1 | Received a gift from Okawaru
  9183 | Shoals:1 | Noticed a merfolk javelineer
  9192 | Shoals:1 | Killed a merfolk javelineer
  9567 | Shoals:1 | Reached skill level 11 in Invocations
  9753 | Shoals:1 | Found a runed translucent door.
  9833 | Shoals:1 | Found a corrupted altar of Lugonu.
  9833 | Shoals:1 | Found a one-way gate to the infinite horrors of the Abyss.
  9886 | Shoals:1 | Killed from afar by a wretched star

Illustrated notes

Levels and vault maps discovered:
D:1:      dpeg_arrival_fog, layout_rooms, serial_shops,
          nicolae_shop_behind_doors, nicolae_shop_waterfront,
          minmay_misc_feat_pillars
D:2:      layout_rooms, shapermc_ecumenical_altar_mp_urbaneastern, basic_altar,
          minmay_small_reverse_x
D:3:      layout_loops_corners, bloody_makhleb, general_overflow_altar,
          amethyst_overflow_temple_binary
D:4:      layout_basic, nicolae_vehumet_radiance, serial_bayou_pond_a
D:5:      layout_gridville, minmay_temple_entry_statues_pillars, uniq_edmund
D:6:      layout_basic, nzn_wu_jian_council_hall
D:7:      layout_basic
D:8:      layout_rooms, erik_lair_island, uniq_pikel
Lair:1:   lemuel_ratsnest, layout_hall_layers, uniq_grum, uniq_nergalle
Lair:2:   layout_gridlike, elwin_shoals_entry_rocks,
          hellmonk_spider_entry_life_and_decay, chequers_serial_rivers_room_a,
          grunt_megastairs_4, lemuel_fruit_fields, uniq_fannar
Shoals:1: layout_shoals, nicolae_shoals_abyss_on_the_beach

Skill      XL: |  1  2  3  4  5  6  7  8  9 10 11 12 |
---------------+-------------------------------------+-----
Long Blades    | 3 4 |  4.1
Dodging        | 3 4 5 6 7 8 |  8.6
Invocations    | 1 2 3 4 6 7 9 10 11 | 11.3
Armour         | 1 2 4 5 6 7 |  7.9
Throwing       | 1 2 3 5 7 8 |  8.7
Fighting       | 4 5 7 8 9 |  9.5
Ranged Weapons | 1 3 4 5 6 7 |  7.3
Spellcasting   | 3 4 |  4.0
Hexes          | 3 4 |  4.0
Translocations | 2 4 |  4.0

Action                     |  1- 3 |  4- 6 |  7- 9 | 10-12 || total
---------------------------+-------+-------+-------+-------++-------
  Melee: Falchion          |    96 |    76 |       |       ||   172
         Punch             |     3 |     5 |       |       ||     8
         Kick              |     3 |    36 |    15 |       ||    54
         Short sword       |       |    53 |    47 |       ||   100
         Sling             |       |       |       |     2 ||     2
   Fire: Sling             |       |       |   213 |   610 ||   823
 Invoke: Heroism           |       |       |     1 |     2 ||     3
         Finesse           |       |       |       |     1 ||     1
  Evoke: Wand              |    10 |     3 |       |       ||    13
    Use: Scroll            |     1 |     5 |    12 |     1 ||    19
         Potion            |       |     1 |     2 |    12 ||    15
 Armour: Robe              |     7 |     3 |     3 |       ||    13
         Chain mail        |    21 |    36 |       |       ||    57
         Leather armour    |       |       |    23 |    91 ||   114
  Dodge: Dodged            |    59 |    82 |   153 |   336 ||   630
  Block: Other             |       |    52 |    83 |   218 ||   353
         Reflection        |       |       |     1 |    14 ||    15
